 Dungeon Crawl Stone Soup version 0.29.1-13-g9f3cf754e1 (webtiles) character file.

Game seed: 5660710843436349610

6643 Hrothgar the Spear-Bearer (level 11, -4/92 HPs)
             Began as a Meteoran Fighter on Feb 2, 2023.
             Was a High Priest of Ru.
             Slain by a bullfrog (5 damage)
             ... on level 1 of the Lair of Beasts.
             The game lasted 00:30:03 (4887 turns).

Hrothgar the Spear-Bearer (Meteoran Fighter)        Turns: 4887, Time: 00:30:04

Health: -4/92      AC:  6    Str: 20    XL:     11   Next: 45%
Magic:  15/19      EV: 11    Int: 22    God:    Ru [*****.]
Gold:   487        SH:  0    Dex: 20    Spells: 18/19 levels left

rFire   . . .      SeeInvis .   p - +9 trident of the Dowdy God {venom, Int+4 Dex+6}
rCold   . . .      Faith    .   (shield unavailable)
rNeg    . . .      Spirit   .   s - +0 leather armour of Iciazel {Slay+5}
rPois   .          Reflect  .   (no helmet)
rElec   .          Harm     .   H - +1 cloak {Stlth+}
rCorr   .          Rampage  .   (no gloves)
Will    +....                   (no boots)
Stlth   +.........              v - amulet of regeneration
HPRegen 1.05/turn               (ring unavailable)
MPRegen 0.16/turn               e - +6 ring of intelligence

@: lethally poisoned (-4 -> -7), exhausted, glowing, very slow
A: sense surroundings 2, inability to drink after injury 2, missing a hand,
inability to train dodging, otherworldly, glowing, explore regen
a: Renounce Religion, Draw Out Power, Power Leap, Apocalypse


You were on level 1 of the Lair of Beasts.
You worshipped Ru.
Ru was extremely pleased with you.
You visited 2 branches of the dungeon, and saw 9 of its levels.

You collected 536 gold pieces.
You spent 49 gold pieces at shops.

Inventory:

Hand Weapons
 a - a +1 war axe
 p - the +9 trident of the Dowdy God (weapon) {venom, Int+4 Dex+6}
   (You found it on level 3 of the Dungeon)

   It poisons the flesh of those it strikes.
   Int:       It affects your intelligence (+4).
   Dex:       It affects your dexterity (+6).
Missiles
 g - 2 javelins
 r - 3 atropa-tipped darts
 y - 2 throwing nets
 A - a boomerang (quivered)
 I - 6 curare-tipped darts
Armour
 b - a +0 scale mail
 c - a +0 buckler
 m - an orb of wrath
 s - the +0 leather armour of Iciazel (worn) {Slay+5}
   (You found it on level 3 of the Dungeon)

   Slay:      It affects your accuracy & damage with ranged weapons and melee
   (+5).
 H - a +1 cloak of stealth (worn)
Jewellery
 e - a +6 ring of intelligence (right hand)
 f - a +4 ring of protection
 l - a ring of magical power
 v - an amulet of regeneration (around neck)
Wands
 u - a wand of light (1)
 x - a wand of iceblast (1)
 F - a wand of digging (7)
 G - a wand of flame (11)
Scrolls
 h - a scroll of teleportation
 t - 2 scrolls of enchant armour
 w - a scroll of noise
 D - a scroll of enchant weapon
 E - 5 scrolls of butterflies
Potions
 d - 2 potions of might
 i - a potion of haste {unknown}
 j - 5 potions of heal wounds
 k - 2 potions of cancellation {unknown}
 n - 3 potions of curing
 o - a potion of lignification {unknown}
 q - a potion of attraction {unknown}
 z - 2 potions of flight {unknown}
 B - a potion of degeneration {unknown}
 C - 3 potions of brilliance {unknown}


   Skills:
 * Level 7.0 Fighting
 * Level 6.6(9.1) Axes
 * Level 9.6(10.5) Polearms
 * Level 5.8 Throwing
 * Level 6.4 Armour
 * Level 3.5 Stealth
 * Level 4.9 Spellcasting
 * Level 4.9 Conjurations
 * Level 4.8 Air Magic
 * Level 4.4 Evocations


You had 18 spell levels left.
You knew the following spells:

 Your Spells              Type           Power      Damage    Failure   Level
a - Shock                 Conj/Air       100%       1d9       1%          1

Your spell library contained the following spells:

 Spells                   Type           Power      Damage    Failure   Level
 Swiftness                Air            26%        N/A       4%          3
 Airstrike                Air            13%        2d(2-18)  16%         4
 Confusing Touch          Hex            5%         N/A       34%         3
 Fireball                 Conj/Fire      8%         3d6       75%         5
 Yara's Violent Unravell  Hex/Tmut       2%         3d3       97%         5
 Starburst                Conj/Fire      8%         6d4       100%        6
 Enfeeble                 Hex            2%         N/A       100%        7
 Ignition                 Fire           2%         3d3       100%        8


Dungeon Overview and Level Annotations

Branches:
Dungeon (8/15) Zot: 47     Temple (0/1) D:7            Lair (1/5) D:8 Zot: 534

Altars:
Ru
Uskayaw

Shops:
D:8 (:


Innate Abilities, Weirdness & Mutations

You passively map the area around you.
You sometimes lose the ability to drink potions when taking damage.
You are missing a hand.
You cannot train Dodging skill.
You are easily found by Zot.
You glow in the dark.
You regain HP and MP as you explore.


Message History

The cane toad is stunned by your conviction and fails to attack.
The cane toad stings you!
You feel threatened and lose the ability to drink potions!
You are poisoned.
The cane toad poisons you! The bullfrog hits you.
You puncture the cane toad!
The cane toad looks as sick as possible!
The cane toad is almost dead.
You feel very sick. The cane toad closely misses you.
You feel very sick. The bullfrog hits you. The cane toad stings you!
The bullfrog attacks as you move away! The bullfrog hits you.
* * * LOW HITPOINT WARNING * * *
You feel sick. The cane toad stings you.
* * * LOW HITPOINT WARNING * * *
You are lethally poisoned!
The cane toad poisons you!
Unknown command.
* * * LOW HITPOINT WARNING * * *
You feel extremely sick.
You kill the cane toad!
Your Fighting skill increases to level 7!
* * * LOW HITPOINT WARNING * * *
You feel very sick.
* * * LOW HITPOINT WARNING * * *
You feel very sick.
You enter the shallow water.
Moving in this stuff is going to be slow.
* * * LOW HITPOINT WARNING * * *
You feel very sick. The bullfrog attacks as you move away!
The bullfrog barely misses you.
A komodo dragon comes into view.
You can drink potions again.
* * * LOW HITPOINT WARNING * * *
You feel very sick.
The komodo dragon hisses angrily.
The bullfrog is no longer moving slowly.
The bullfrog hits you.
You die...

#.........#**..
, ..........#
#..,
##....l....##...
*,,
#..#..~.~~.....
*
*#.#~.~~~~~~~##.
*
#..~≈≈≈≈≈≈≈~...
,
#.~~~≈≈≈≈≈≈~~#,,
#.~≈≈≈~.~≈≈~~#.
*
##@≈≈≈.<~≈≈≈~~.
#.F≈~~~.~≈≈≈~..
##Y~~~~~≈≈≈~.#.
#.†≈≈≈≈≈≈~~...*
* ##..~≈~~~~~#..
#.#.~~~~..~... ,
*
###..##.#...####
##.# #..##.⌠.# *
#..## #....... *


You could see a komodo dragon, a yak (poisoned) and a bullfrog (poisoned).

Vanquished Creatures
  Psyche (D:8)
  A cane toad (Lair:1)
  2 komodo dragons
  A troll (D:7)
  4 blink frogs (Lair:1)
  Prince Ribbit (D:6)
  8 yaks
  A wyvern (D:8)
  A steam dragon (D:7)
  2 water moccasins
  2 orc warriors
  3 black bears
  3 ice beasts
  2 centaurs
  A phantom (D:6)
  3 kobold brigands (D:6)
  2 gnoll sergeants
  3 bullfrogs
  2 scorpions
  A howler monkey (D:8)
  5 hounds
  An orc priest (D:7)
  A bullfrog skeleton (D:4)
  Crazy Yiuf (D:7)
  A centaur skeleton (D:4)
  4 orc wizards (D:7)
  2 iguanas
  A hound zombie (D:4)
  A howler monkey zombie (D:4)
  25 gnolls
  7 adders
  2 shadow imps (D:7)
  A white imp (D:5)
  An ufetubus (D:5)
  2 adder zombies (D:4)
  A worm (D:3)
  3 dart slugs
  12 orcs
  7 bats
  7 endoplasms
  A giant cockroach (D:2)
  4 goblins
  10 hobgoblins
  6 jackals (D:1)
  34 kobolds
  4 quokkas
  7 ball pythons
  A frilled lizard (D:1)
  9 rats
205 creatures vanquished.

Vanquished Creatures (others)
  A steam dragon (D:8)
  A black bear (D:7)
  A necrophage (D:8)
  An orc (D:8)
  11 fungi
  22 plants
37 creatures vanquished.

Grand Total: 242 creatures vanquished

Notes
Turn   | Place    | Note
-------+----------+-------------------------------------------
     0 | D:1      | Hrothgar the Meteoran Fighter began the quest for the Orb.
     0 | D:1      | Reached XP level 1. HP: 19/19 MP: 2/2
    67 | D:1      | Reached XP level 2. HP: 22/26 MP: 3/3
   102 | D:1      | Noticed a floating eye
   104 | D:1      | Found a faded altar of an unknown god.
   111 | D:1      | Noticed an eye of devastation
   111 | D:1      | Noticed a great orb of eyes
   111 | D:1      | Noticed a shining eye
   121 | D:1      | Prayed at the altar of an unknown god.
   121 | D:1      | Became a worshipper of Ru the Awakened
   141 | D:1      | Gained mutation: You occasionally lose the ability to drink
                  | potions when taking damage. [Ru sacrifice]
   141 | D:1      | Gained mutation: You sometimes lose the ability to drink
                  | potions when taking damage. [Ru sacrifice]
   141 | D:1      | Reached * piety under Ru
   273 | D:1      | Reached XP level 3. HP: 31/31 MP: 4/4
   482 | D:1      | Glimpsed the power of Zot.
   532 | D:1      | Glimpsed the power of Zot.
   641 | D:2      | Reached skill level 1 in Throwing
   641 | D:2      | Reached XP level 4. HP: 28/39 MP: 5/5
   986 | D:2      | Reached XP level 5. HP: 46/46 MP: 6/6
  1020 | D:2      | Glimpsed the power of Zot.
  1101 | D:3      | Reached skill level 1 in Dodging
  1135 | D:3      | Found a hide-covered altar of Uskayaw.
  1144 | D:3      | Identified the +9 trident of the Dowdy God {venom, Int+4
                  | Dex+6}
  1365 | D:3      | Identified the +0 leather armour of Iciazel {Slay+5}
  1379 | D:3      | Learned a level 1 spell: Shock
  1533 | D:3      | Reached skill level 1 in Stealth
  1593 | D:3      | Glimpsed the power of Zot.
  1643 | D:3      | Glimpsed the power of Zot.
  1682 | D:4      | Gained mutation: You are missing a hand. [Ru sacrifice]
  1682 | D:4      | Reached ** piety under Ru
  1682 | D:4      | Reached *** piety under Ru
  1682 | D:4      | Reached **** piety under Ru
  1745 | D:4      | Reached skill level 1 in Polearms
  1745 | D:4      | Reached XP level 6. HP: 48/52 MP: 7/7
  1748 | D:4      | Noticed an ice beast
  1757 | D:4      | Killed an ice beast
  1758 | D:4      | Reached skill level 1 in Conjurations
  1997 | D:4      | Reached skill level 2 in Polearms
  1997 | D:4      | Reached skill level 1 in Air Magic
  2072 | D:4      | Reached skill level 1 in Spellcasting
  2078 | D:4      | Reached XP level 7. HP: 51/58 MP: 9/9
  2174 | D:4      | Glimpsed the power of Zot.
  2224 | D:4      | Glimpsed the power of Zot.
  2264 | D:4      | Glimpsed the power of Zot.
  2273 | D:4      | Touched by the power of Zot.
  2279 | D:5      | Entered Level 5 of the Dungeon
  2290 | D:5      | Reached skill level 3 in Polearms
  2973 | D:5      | Glimpsed the power of Zot.
  2974 | D:5      | Reached XP level 8. HP: 51/55 MP: 11/11
  3023 | D:5      | Glimpsed the power of Zot.
  3094 | D:6      | Reached skill level 4 in Polearms
  3094 | D:6      | Reached skill level 1 in Evocations
  3123 | D:6      | Noticed Prince Ribbit
  3129 | D:6      | Killed Prince Ribbit
  3247 | D:6      | Reached skill level 5 in Polearms
  3327 | D:6      | Gained mutation: You passively map the area around you.
                  | [Meteoran growth]
  3327 | D:6      | Reached XP level 9. HP: 63/72 MP: 7/13
  3421 | D:6      | Gained mutation: You cannot train Dodging skill. [Ru
                  | sacrifice]
  3421 | D:6      | Reached ***** piety under Ru
  3455 | D:6      | Reached skill level 5 in Armour
  3468 | D:6      | Reached skill level 5 in Axes
  3476 | D:6      | Reached skill level 5 in Fighting
  3563 | D:6      | Reached skill level 6 in Polearms
  3565 | D:6      | Glimpsed the power of Zot.
  3728 | D:7      | Found a runed translucent door.
  3729 | D:7      | Noticed Crazy Yiuf
  3733 | D:7      | Killed Crazy Yiuf
  3843 | D:7      | Noticed a troll
  3852 | D:7      | Killed a troll
  3940 | D:7      | Reached skill level 7 in Polearms
  3940 | D:7      | Reached XP level 10. HP: 54/81 MP: 15/15
  4026 | D:7      | Found a staircase to the Ecumenical Temple.
  4055 | D:7      | Noticed a komodo dragon
  4061 | D:7      | Killed a komodo dragon
  4166 | D:7      | Glimpsed the power of Zot.
  4202 | D:8      | Found Kuwk's Weapon Shop.
  4207 | D:8      | Bought 2 curare-tipped darts for 16 gold pieces
  4207 | D:8      | Bought 4 curare-tipped darts for 33 gold pieces
  4227 | D:8      | Noticed a komodo dragon
  4232 | D:8      | Reached skill level 8 in Polearms
  4233 | D:8      | Killed a komodo dragon
  4259 | D:8      | Found a staircase to the Lair.
  4269 | D:8      | Reached skill level 5 in Throwing
  4400 | D:8      | Noticed Psyche
  4406 | D:8      | Killed Psyche
  4407 | D:8      | Reached XP level 11. HP: 90/90 MP: 12/18
  4493 | D:8      | Found Jarchuhusch's Tremendous Tomes.
  4770 | D:8      | Glimpsed the power of Zot.
  4820 | D:8      | Glimpsed the power of Zot.
  4823 | Lair:1   | Entered Level 1 of the Lair of Beasts
  4856 | Lair:1   | Reached skill level 9 in Polearms
  4886 | Lair:1   | HP: 4/92 [poisoned by a cane toad]
  4887 | Lair:1   | HP: 1/92 [poisoned by a cane toad]
  4887 | Lair:1   | Slain by a bullfrog

Illustrated notes

Levels and vault maps discovered:
D:1:      dpeg_arrival_brainrot, layout_basic,
          hellmonk_ecumenical_altar_watching_god
D:2:      layout_basic, minmay_misc_feat_iff
D:3:      layout_loops_cross, eat_drink_and_be_merry_uskayaw
D:4:      kennysheep_six_static_rooms, layout_basic,
          mainiacjoe_overflow_brackets, serial_undead, serial_undead_f,
          serial_undead_a, serial_undead_e, serial_undead_b, hex_intersection
D:5:      layout_loops_cross, kennysheep_generic_room_16
D:6:      minmay_goblin_kobold_castle, layout_loops_ring, uniq_pikel,
          uniq_prince_ribbit1
D:7:      layout_loops_ring, minmay_temple_entry_overgrown,
          nicolae_figureground_pulse, uniq_crazy_yiuf_cottage
D:8:      layout_loops_ring, grunt_lair_entry_orc_guard_hut, serial_shops,
          nicolae_shop_stone, nicolae_shop_i_like_big_books, uniq_psyche
Lair:1:   layout_loops_ring, ebering_ghost_xom, gammafunk_lair_bear_cave,
          grunt_megastairs_3, serial_bayou_shore_b, infiniplex_staircase_pool_2,
          serial_bayou_shore_a

Skill      XL: |  1  2  3  4  5  6  7  8  9 10 11 |
---------------+----------------------------------+-----
Shields        | 4 0 |  0.0
Axes           | 3 4 5 6 |  6.6
Throwing       | 1 2 3 5 |  5.8
Armour         | 4 5 6 |  6.4
Dodging        | 1 2 0 |  0.0
Stealth        | 1 2 3 |  3.5
Polearms       | 1 2 3 5 7 8 9 |  9.6
Conjurations   | 1 2 3 4 |  4.9
Air Magic      | 1 2 3 4 |  4.8
Spellcasting   | 1 2 3 4 |  4.9
Fighting       | 4 5 6 7 |  7.0
Evocations     | 1 3 4 |  4.4

Action                   |  1- 3 |  4- 6 |  7- 9 | 10-12 || total
-------------------------+-------+-------+-------+-------++-------
Melee: War axe           |    73 |    58 |       |       ||   131
       Trident           |       |    50 |   107 |    52 ||   209
Throw: Dart              |       |     5 |     1 |       ||     6
       Javelin           |       |     3 |       |       ||     3
       Boomerang         |       |       |    19 |    15 ||    34
 Cast: Shock             |       |     2 |       |       ||     2
Invok: Sacrifice Drink   |     1 |       |       |       ||     1
       Sacrifice a Hand  |       |     1 |       |       ||     1
       Power Leap        |       |       |     6 |     3 ||     9
       Apocalypse        |       |       |     1 |     1 ||     2
       Sacrifice Nimblen |       |       |     1 |       ||     1
       Draw Out Power    |       |       |       |     1 ||     1
Evoke: Wand              |       |       |    11 |     2 ||    13
  Use: Scroll            |     2 |     5 |     5 |     3 ||    15
 Stab: Invisible         |       |     1 |     1 |       ||     2
       Paralysed         |       |       |     1 |       ||     1
       Sleeping          |       |       |       |     1 ||     1
Armor: Scale mail        |    57 |    48 |       |       ||   105
       Leather armour    |       |     8 |    35 |    30 ||    73
Dodge: Dodged            |    35 |    61 |    62 |    34 ||   192
Block: Buckler           |    17 |     4 |       |       ||    21
